 Dungeon Crawl Stone Soup version 0.30.1-3-gfc49f6343a (webtiles) character file.

Game seed: 10698434734665376170

81 nacho123456 the Trooper (level 4, -1/40 HPs)
             Began as a Hill Orc Fighter on July 30, 2023.
             Slain by Grinder (8 damage)
             ... on level 3 of the Dungeon.
             The game lasted 00:04:09 (2311 turns).

nacho123456 the Trooper (Hill Orc Fighter)          Turns: 2311, Time: 00:04:10

Health: -1/40      AC:  7    Str: 20    XL:     4   Next: 42%
Magic:  4/4        EV: 14    Int:  8    God:
Gold:   181        SH:  9    Dex: 10    Spells: 3/3 levels left

rFire   . . .        a - +0 war axe
rCold   . . .        c - +0 buckler
rNeg    + . .        b - +0 scale mail
rPois   .            (no helmet)
rElec   .            (no cloak)
rCorr   .            (no gloves)
SInv    .            (no boots)
Will    .....        k - amulet of reflection Stlth
                     j - +5 ring of evasion
HPRegen 0.26/turn    g - ring of positive energy
MPRegen 0.09/turn

%: reflection
@: no status effects
A: no striking features
a: no special abilities


You were on level 3 of the Dungeon.
You visited 1 branch of the dungeon, and saw 3 of its levels.

You collected 181 gold pieces.

Inventory:

Hand Weapons
 a - a +0 war axe (weapon)
Armour
 b - a +0 scale mail (worn)
 c - a +0 buckler (worn)
Jewellery
 g - a ring of positive energy (right hand)
 j - a +5 ring of evasion (left hand)
 k - an amulet of reflection (around neck)
 u - a ring of flight
Scrolls
 e - a scroll of enchant armour {unknown}
 h - 2 scrolls of poison {unknown}
 o - a scroll of fog {unknown}
 s - a scroll of silence {unknown}
 t - a scroll of enchant weapon {unknown}
 v - a scroll of teleportation {unknown}
 w - a scroll of blinking {unknown}
Potions
 f - 2 potions of degeneration {unknown}
 i - a potion of lignification {unknown}
 l - a potion of magic {unknown}
 m - a potion of ambrosia {unknown}
 n - 2 potions of cancellation {unknown}
 p - 2 potions of flight {unknown}
 q - a potion of curing {unknown}
 r - a potion of heal wounds {unknown}


   Skills:
 + Level 4.2 Fighting
 + Level 4.1 Axes
 + Level 3.7 Armour
 + Level 0.5 Dodging
 + Level 0.1 Stealth
 + Level 3.9 Shields


You had 3 spell levels left.
You didn't know any spells.
Your spell library was empty.

Dungeon Overview and Level Annotations

Branches:
Dungeon (3/15)

Altars:

Annotations:
D:3 Grinder


Message History

Grinder completely misses you.
You closely miss Grinder.
Grinder is moderately wounded.
Grinder hits you.
You writhe in agony.
You barely miss Grinder.
Grinder is moderately wounded.
Grinder gestures at you. Pain shoots through your body!
Grinder hits you but does no damage.
You hit Grinder.
Grinder is moderately wounded.
You block Grinder's attack.
You slash Grinder!
Grinder is heavily wounded.
Grinder hits you!
You writhe in agony.
You barely miss Grinder.
Grinder is heavily wounded.
Grinder misses you.
You slash Grinder!
Grinder is almost dead.
Grinder gestures at you. You resist with significant effort.
Grinder misses you.
You hit Grinder.
Grinder is almost dead.
Grinder gestures at you.
You suddenly lose the ability to move!
Grinder hits you but does no damage. Grinder gestures at you.
You shrug off the repeated paralysis!
Grinder hits you.
You writhe in agony.
Grinder hits you!
* * * LOW HITPOINT WARNING * * *
You can move again.
You barely miss Grinder.
Grinder is almost dead.
Grinder gestures at you.
You shrug off the repeated paralysis!
You hit Grinder but do no damage.
Grinder is almost dead.
Grinder hits you!
You die...

####...####....#.####.#
#..
..##...####.####[...5.#
###
#.##...#.........(......
.................#######
..............##.#
..##..........##.#
......#.#####.##.#######
..###.......<.#.........
#.#.....#####...@5..#
#.#.#.#.# #)#.##......
#.#.###.# #.#... ..###
..#.# #.# #.#..#.#.#
..#.# #.# #.#..# # #
....###.##.####..#
...........# #..# #
##......##.# #..# #.
#.###### #.


You could see Grinder.

Vanquished Creatures
  2 adders
  2 dart slugs (D:1)
  4 orcs (D:3)
  3 endoplasms (D:3)
  2 giant cockroaches (D:1)
  3 goblins
  4 hobgoblins
  5 jackals
  5 quokkas
  5 ball pythons
  6 bats
  3 frilled lizards
  5 kobolds
  4 rats
53 creatures vanquished.

Notes
Turn   | Place    | Note
-------+----------+-------------------------------------------
     0 | D:1      | nacho123456 the Hill Orc Fighter began the quest for the
                  | Orb.
     0 | D:1      | Reached XP level 1. HP: 19/19 MP: 1/1
   222 | D:1      | Reached XP level 2. HP: 27/27 MP: 2/2
  1009 | D:2      | Reached XP level 3. HP: 32/33 MP: 3/3
  1719 | D:3      | Reached XP level 4. HP: 40/40 MP: 4/4
  2117 | D:3      | Noticed Grinder
  2142 | D:3      | HP: 2/40 [Grinder/nerve-wracking pain (4)]
  2305 | D:3      | Paralysed by Grinder for 5 turns
  2311 | D:3      | Slain by Grinder

Illustrated notes

Levels and vault maps discovered:
D:1:      dpeg_arrival_court, layout_loops_corners, chequers_avenue
D:2:      layout_rooms, minmay_hedge_maze
D:3:      layout_basic, lemuel_tele_altar, uniq_grinder

Skill      XL: |  1  2  3 |
---------------+----------+-----
Axes           | 3 4 |  4.1
Fighting       | 4 |  4.2
Armour         | |  3.7
Dodging        | |  0.5
Stealth        | |  0.1
Shields        | |  3.9

Action                     |  1- 3 |  4- 6 || total
---------------------------+-------+-------++-------
  Melee: War axe           |   152 |    40 ||   192
    Use: Potion            |       |     1 ||     1
 Armour: Scale mail        |    64 |     5 ||    69
  Dodge: Dodged            |    98 |    25 ||   123
  Block: Buckler           |    68 |    18 ||    86
         Reflection        |     3 |       ||     3
